 Dungeon Crawl Stone Soup version 0.27.0 (webtiles) character file.

Game seed: 2453122414208156283

5438 mainiacjoe the Cleaver (level 10, -6/93 HPs)
             Began as a Minotaur Gladiator on July 31, 2021.
             Was a Believer of Ashenzari.
             Mangled by a cyan ugly thing (16 damage)
             ... on level 10 of the Dungeon.
             The game lasted 00:28:36 (9434 turns).

mainiacjoe the Cleaver (Minotaur Gladiator)         Turns: 9434, Time: 00:28:37

Health: -6/93      AC: 14    Str: 22    XL:     10   Next: 41%
Magic:  9/9        EV: 12    Int:  5    God:    Ashenzari [**....]
Gold:   521        SH: 10    Dex: 12    Spells: 9/9 levels left

rFire    . . .     SeeInvis +   a - +2 broad axe
rCold    . . .     Faith    .   e - +0 buckler of the Bound Repose {Range, Evo} (curse)
rNeg     . . .     Spirit   .   P - +4 ring mail of Ashenzari's Soothsayer {+Blink Will+ Slay+2, Melee, Bglg} (curse)
rPois    .         Reflect  +   c - +0 hat "At What Cost Knowledge?" {Melee, Cun} (curse)
rElec    .         Harm     .   M - +0 cloak
rCorr    .         Rampage  .   T - +0 pair of gloves
Will     +....                  u - +0 pair of boots
Stlth    +.........             t - amulet of Ashenzari's Paranoia {Reflect SH+5, Comp, Fort} (curse)
HPRegen  0.25/turn              B - ring of flight
MPRegen  0.11/turn              J - +4 ring of slaying

@: mighty, flying, studying Spellcasting
A: horns 2, retaliatory headbutt
a: Renounce Religion, Evoke Blink, Shatter the Chains


You were on level 10 of the Dungeon.
You worshipped Ashenzari.
Ashenzari was pleased with you.
You visited 2 branches of the dungeon, and saw 11 of its levels.
You also visited: Ossuary.

You collected 1535 gold pieces.
You spent 1014 gold pieces at shops.

Inventory:

Hand Weapons
 a - a +2 broad axe (weapon)
 b - a +0 hand crossbow
 i - a +0 flail
 n - a +1 vorpal mace
Missiles
 d - 3 throwing nets {=F}
 f - 205 stones
 m - 69 poisoned darts (quivered)
 r - 21 sling bullets
 y - 103 arrows
 C - 10 javelins
 I - 54 bolts
 X - 4 boomerangs
Armour
 c - the cursed +0 hat "At What Cost Knowledge?" (worn) {Melee, Cun}

   It has a curse which improves the following skills: Melee Combat: Short
   Blades, Long Blades, Axes, Maces & Flails, Polearms, Staves and Unarmed
   Combat.
   Cunning:   Dodging and Stealth.
 e - the cursed +0 buckler of the Bound Repose (worn) {Range, Evo}
   (You found it on level 1 of the Dungeon)

   It has a curse which improves the following skills: Ranged Combat: Slings,
   Bows, Crossbows and Throwing.
   Evocations: Evocations.
 u - a +0 pair of boots (worn)
 M - a +0 cloak (worn)
 P - the cursed +4 ring mail of Ashenzari's Soothsayer (worn) {+Blink Will+ Slay+2, Melee, Bglg}
   (You found it on level 6 of the Dungeon)

   Slay:      It affects your accuracy & damage with ranged weapons and melee
   (+2).
   +Blink:    It lets you blink.
   Will:      It increases your willpower.
   It has a curse which improves the following skills: Melee Combat: Short
   Blades, Long Blades, Axes, Maces & Flails, Polearms, Staves and Unarmed
   Combat.
   Beguiling: Conjurations, Hexes and Translocations.
 T - a +0 pair of gloves (worn)
Jewellery
 t - the cursed amulet of Ashenzari's Paranoia (around neck) {Reflect SH+5, Comp, Fort}
   (You found it on level 2 of the Dungeon)

   [amulet of reflection]

   It reflects blocked missile attacks.
   SH:        It affects your SH (+5).
   It has a curse which improves the following skills: Companions: Summonings
   and Necromancy.
   Fortitude: Armour and Shields.
 B - a ring of flight (left hand)
 D - a +6 ring of intelligence
 J - a +4 ring of slaying (right hand)
 W - a ring of fire
 Y - a ring of ice
 Z - a ring of positive energy
Wands
 o - a wand of acid (6)
 S - a wand of iceblast (16)
 U - a wand of polymorph (8)
 V - a wand of flame (25)
Scrolls
 g - 3 scrolls of teleportation
 k - a scroll of amnesia
 p - a scroll of enchant armour
 q - 4 scrolls of magic mapping
 w - 2 scrolls of summoning
 x - 2 scrolls of fog
 A - 9 scrolls of noise
 E - 3 scrolls of blinking
 K - 3 scrolls of immolation
 R - 2 scrolls of fear
Potions
 h - 2 potions of flight
 j - 3 potions of heal wounds
 l - a potion of invisibility
 s - a potion of cancellation
 v - a potion of brilliance
 z - 2 potions of resistance
 F - a potion of lignification
 G - 5 potions of curing
 H - 2 potions of haste
 L - 3 potions of magic
 N - 5 potions of mutation


   Skills:
 - Level 10.0 Fighting
 + Level 12.0(14.2) Axes
 - Level 4.9(10.5) Maces & Flails
 - Level 2.0(3.1) Throwing
 - Level 5.0(6.4) Armour
 - Level 3.2(4.5) Dodging
 - Level 4.0(5.3) Shields
 - Level 5.0(6.4) Evocations


You had 9 spell levels left.
You didn't know any spells.
Your spell library contained the following spells:

 Spells                   Type           Power      Damage    Failure   Level
 Pain                     Necr           0%         1d4       58%         1
 Sandblast                Erth           0%         2d4       63%         1
 Blink                    Tloc           N/A        N/A       75%         2
 Gell's Gravitas          Tloc           0%         N/A       92%         3
 Lesser Beckoning         Tloc           0%         N/A       92%         3
 Teleport Other           Tloc           0%         N/A       92%         3
 Ignite Poison            Fire/Tmut/Pois 0%         N/A       94%         3
 Mephitic Cloud           Conj/Pois/Air  0%         N/A       94%         3
 Animate Dead             Necr           0%         N/A       100%        4
 Petrify                  Tmut/Erth      0%         N/A       100%        4
 Agony                    Necr           0%         N/A       100%        5
 Bolt of Magma            Conj/Fire/Erth 0%         4d4       100%        5
 Borgnjor's Vile Clutch   Necr/Erth      0%         N/A       100%        5
 Excruciating Wounds      Necr           0%         N/A       100%        5
 Manifold Assault         Tloc           0%         N/A       100%        5
 Metabolic Englaciation   Hex/Ice        0%         N/A       100%        5
 Death Channel            Necr           0%         N/A       100%        6
 Simulacrum               Ice/Necr       0%         N/A       100%        6
 Statue Form              Tmut/Erth      0%         N/A       100%        6
 Death's Door             Necr           0%         N/A       100%        9


Dungeon Overview and Level Annotations

Branches:
Dungeon (10/15)            Temple (1/1) D:4            Lair (0/6) D:9
Ossuary (visited)
    Orc: D:9-12

Altars:
Ashenzari
Cheibriados
Dithmenos
Elyvilon
Fedhas
Gozag
Hepliaklqana
Kikubaaqudgha
Makhleb
Nemelex Xobeh
Okawaru
Qazlal
Ru
Sif Muna
Trog
Uskayaw
Vehumet
Wu Jian
Xom
Yredelemnul
Zin
The Shining One

Shops:
D:10 =


Innate Abilities, Weirdness & Mutations

You have a pair of horns on your head.
You reflexively headbutt those who attack you in melee.


Message History

You barely miss the centaur warrior.
Your headbutt misses the centaur warrior.
The centaur warrior is severely wounded.
The centaur warrior barely misses you. You furiously retaliate!
You headbutt the centaur warrior.
The centaur warrior kicks you but does no damage.
A wyvern comes into view.
You closely miss the centaur warrior.
The wyvern hisses angrily.
Your headbutt misses the centaur warrior.
The centaur warrior is severely wounded.
You block the centaur warrior's attack.
The centaur warrior kicks you but does no damage.
You slash the centaur warrior!
You kill the centaur warrior!
Training target 10.0 for Fighting reached!
Your Fighting skill increases to level 10!
You need to enable at least one skill for training.
You block the cyan ugly thing's attack.
There is a stone staircase leading up here.
You feel very mighty all of a sudden. You block the wyvern's attack.
The cyan ugly thing engulfs you. The cyan ugly thing shocks you!
You slice the cyan ugly thing!!
The cyan ugly thing is heavily wounded.
You slash the wyvern! You block the wyvern's attack.
The cyan ugly thing engulfs you. The cyan ugly thing shocks you!
* * * LOW HITPOINT WARNING * * *
You slash the cyan ugly thing! You headbutt the cyan ugly thing!
The cyan ugly thing is severely wounded.
You slice the wyvern!!
You kill the wyvern!
Your base Axes skill increases to level 12!
You slice the cyan ugly thing!!
Your headbutt misses the cyan ugly thing.
The cyan ugly thing is almost dead.
The cyan ugly thing engulfs you!
* * * LOW HITPOINT WARNING * * *
The cyan ugly thing shocks you!
You die...

#....##.##.##..# *
#....#.#..#.#..#*,,*
#.....######...# ..#
#.......##.....# ..# *
#..............# ..#
#..########..#.# ..# ,
#..########....##..##
#....†..?............
#...@u............... *
#..######..####.<####
#..# #..# #..# * ** *
#..# #..# #..# ,
...######..####..####
................)..... *
*###......./............
#..####..####.∩######
#.. #..#


You could see a cyan ugly thing.

Vanquished Creatures
  A centaur warrior (D:10)
  A gargoyle (D:8)
  A hornet (D:9)
  Prince Ribbit (D:8)
  2 wyverns
  4 steam dragons
  An acid dragon (D:10)
  2 water moccasins
  2 sky beasts
  2 orc warriors (D:8)
  2 ice beasts (D:7)
  A black bear (D:7)
  A necrophage (D:4)
  A centaur (D:7)
  An ogre (D:6)
  A phantom (D:5)
  2 kobold brigands
  3 bullfrogs
  A wyvern zombie (D:7)
  3 scorpions
  8 wights
  A howler monkey (D:9)
  A crimson imp (D:8)
  2 bullfrog zombies (D:5)
  2 centaur zombies
  2 orc priests (D:8)
  3 hounds
  Crazy Yiuf (D:4)
  A human zombie (Ossuary)
  3 bullfrog skeletons
  A gnoll shaman (D:4)
  A jelly (D:5)
  A centaur skeleton (D:7)
  Natasha (thrice) (D:4)
  Terence (D:2)
  2 iguanas
  5 orc wizards
  A killer bee zombie (D:6)
  3 mummies (Ossuary)
  3 gnolls (D:4)
  5 adders
  A howler monkey skeleton (D:7)
  A white imp (D:5)
  An ufetubus (D:5)
  An adder skeleton (D:4)
  2 worms
  4 dart slugs
  25 orcs
  6 ball pythons
  2 bats (D:1)
  5 endoplasms
  5 giant cockroaches
  2 gnoll zombies (Ossuary)
  4 goblins
  8 hobgoblins
  5 jackals
  22 kobolds
  2 quokkas (D:3)
  3 frilled lizards (D:3)
  A goblin zombie (Ossuary)
  2 hobgoblin zombies (Ossuary)
  2 orc zombies (Ossuary)
  4 rats
  2 rat zombies (D:6)
193 creatures vanquished.

Vanquished Creatures (collateral kills)
  An orc (D:6)
1 creature vanquished.

Grand Total: 194 creatures vanquished

Notes
Turn   | Place    | Note
-------+----------+-------------------------------------------
     0 | D:1      | mainiacjoe the Minotaur Gladiator began the quest for the
                  | Orb.
     0 | D:1      | Reached XP level 1. HP: 18/18 MP: 0/0
    69 | D:1      | Reached XP level 2. HP: 25/25 MP: 1/1
   553 | D:2      | Noticed Terence
   561 | D:2      | Killed Terence
   562 | D:2      | Reached skill level 1 in Axes
   562 | D:2      | Reached skill level 1 in Shields
   562 | D:2      | Reached XP level 3. HP: 12/30 MP: 2/2
  1236 | D:3      | You fall into a shaft and drop 1 floor!
  1253 | D:4      | Noticed a necrophage
  1264 | D:4      | Reached skill level 2 in Axes
  1264 | D:4      | Reached XP level 4. HP: 12/37 MP: 3/3
  1541 | D:4      | Reached skill level 3 in Axes
  1548 | D:4      | Reached XP level 5. HP: 38/42 MP: 4/4
  1605 | D:5      | Entered Level 5 of the Dungeon
  1764 | D:5      | Noticed a water moccasin
  1775 | D:5      | Killed a water moccasin
  1776 | D:5      | Reached skill level 4 in Axes
  1776 | D:5      | Reached XP level 6. HP: 15/50 MP: 5/5
  2025 | D:5      | Reached skill level 5 in Axes
  2208 | D:5      | Reached skill level 6 in Axes
  2262 | D:5      | Reached XP level 7. HP: 50/56 MP: 6/6
  2309 | D:5      | Reached skill level 7 in Axes
  2607 | D:5      | Reached skill level 1 in Armour
  3290 | D:6      | Noticed a +0 hand axe
  3290 | D:6      | Noticed a +0 dagger
  3298 | D:6      | Found a hide-covered altar of Uskayaw.
  3457 | D:6      | Reached skill level 5 in Fighting
  3457 | D:6      | Reached XP level 8. HP: 68/68 MP: 7/7
  3497 | D:6      | Reached skill level 5 in Armour
  3651 | D:6      | Found a sand-covered staircase.
  3658 | Ossuary  | Entered an ossuary
  4090 | D:6      | Identified the +4 ring mail of Elly {+Blink Will+ Slay+2}
  4158 | D:6      | Reached skill level 8 in Axes
  4249 | D:6      | Found an opulent altar of Gozag.
  4696 | D:4      | Reached skill level 9 in Axes
  4837 | D:4      | Found a runed translucent door.
  4838 | D:4      | Noticed Crazy Yiuf
  4949 | D:4      | Found a staircase to the Ecumenical Temple.
  4958 | Temple   | Entered the Ecumenical Temple
  4997 | Temple   | Became a worshipper of Ashenzari the Shackled
  4997 | Temple   | Identified a scroll of acquirement
  5038 | Temple   | Acquired 971 gold pieces
  5387 | D:3      | Found an ornate altar of the Wu Jian Council.
  6104 | D:4      | Noticed Natasha
  6112 | D:4      | Killed Natasha
  6248 | D:4      | Noticed Natasha
  6254 | D:4      | Killed Natasha
  6280 | D:4      | Noticed Natasha
  6284 | D:4      | Killed Natasha
  6425 | D:4      | Killed Crazy Yiuf
  6591 | D:7      | Reached skill level 10 in Axes
  6885 | D:7      | Reached XP level 9. HP: 74/74 MP: 8/8
  6911 | D:7      | Reached skill level 11 in Axes
  7107 | D:7      | Reached skill level 1 in Evocations
  7408 | D:7      | Reached * piety under Ashenzari
  7829 | D:8      | Found a burning altar of Makhleb.
  8001 | D:8      | Reached skill level 5 in Evocations
  8276 | D:8      | Noticed a gargoyle
  8281 | D:8      | Killed a gargoyle
  8333 | D:8      | Identified the Disquisition on the Evil Rocks
  8334 | D:8      | Found a shadowy altar of Dithmenos.
  8543 | D:8      | Noticed Prince Ribbit
  8558 | D:8      | Killed Prince Ribbit
  8602 | D:8      | Reached XP level 10. HP: 86/89 MP: 9/9
  8851 | D:9      | Found a staircase to the Lair.
  8860 | D:9      | Reached ** piety under Ashenzari
  8888 | D:9      | Identified the +0 scale mail of Acaesapt {rPois rF+ rC+}
  9074 | D:9      | Found a stormy altar of Qazlal.
  9306 | D:9      | Found an ancient bone altar of Kikubaaqudgha.
  9318 | D:10     | Entered Level 10 of the Dungeon
  9318 | D:10     | Found Zedoges's Jewellery Shoppe.
  9399 | D:10     | Bought a +4 ring of slaying for 1014 gold pieces
  9407 | D:10     | Noticed a centaur warrior
  9414 | D:10     | Noticed a cyan ugly thing
  9418 | D:10     | Killed a centaur warrior
  9419 | D:10     | Reached skill level 10 in Fighting
  9434 | D:10     | Reached skill level 12 in Axes
  9434 | D:10     | Mangled by a cyan ugly thing

Illustrated notes

Levels and vault maps discovered:
D:1:      dpeg_arrival_stone_temple_mockup, layout_rooms, minivault_19
D:2:      layout_rooms, uniq_terence
D:3:      layout_basic, mainiacjoe_overflow_catwalk
D:4:      minmay_bubble_buster, layout_rooms, temple_fountains, serial_forest,
          infiniplex_forest_zigzag_1, infiniplex_forest_straight_2,
          infiniplex_forest_lined_3, infiniplex_forest_lined_ring,
          infiniplex_forest_clump_diagonal, uniq_crazy_yiuf_cottage,
          uniq_natasha
D:5:      cheibrodos_thug_alley, layout_basic, serial_rivers,
          chequers_serial_rivers_small_a, chequers_serial_rivers_large_b,
          chequers_serial_rivers_small_b, chequers_serial_rivers_micro_d,
          chequers_serial_rivers_micro_c, chequers_serial_rivers_micro_a,
          kennysheep_generic_room_12
D:6:      layout_gridville, dancing_weapons_uskayaw, grunt_gozag_breadcrumbs,
          enter_ossuary_4
D:7:      layout_basic, hangedman_minor_gate_pass
D:8:      layout_loops_ring, nicolae_dithmenos_through_a_glass_darkly,
          makhleb_grotto_becter, minivault_23, dk_noncrumbling_4,
          uniq_prince_ribbit1
D:9:      layout_roguey, mainiacjoe_overflow_swirl, dpeg_oklobed_lair,
          minmay_holes
D:10:     layout_small_grid, grunt_decor_junction, minivault_22,
          minmay_shop_enchanted_jewellery, grunt_decor_resistance,
          grunt_ministairs_13
Temple:   regret_index_temple_waves

Skill      XL: |  1  2  3  4  5  6  7  8  9 10 |
---------------+-------------------------------+-----
Maces & Flails | 4 |  4.9
Axes           | 1 2 3 4 6 7 10 11 12 | 12.0
Shields        | 1 2 3 4 |  4.0
Fighting       | 5 8 10 | 10.0
Armour         | 4 5 |  5.0
Evocations     | 5 |  5.0
Throwing       | |  2.0
Dodging        | |  3.2

Action                   |  1- 3 |  4- 6 |  7- 9 | 10-12 || total
-------------------------+-------+-------+-------+-------++-------
Melee: Flail             |    15 |       |       |       ||    15
       Headbutt          |     4 |     4 |    41 |     2 ||    51
       Mace              |     4 |       |       |       ||     4
       Broad axe         |    15 |    49 |   215 |    17 ||   296
 Fire: Hand crossbow     |       |       |   167 |    16 ||   183
Throw: Stone             |    98 |    18 |       |       ||   116
       Dart              |       |     4 |    39 |     1 ||    44
Invok: Curse Item        |       |       |     2 |     2 ||     4
  Use: Scroll            |     1 |     1 |     5 |     1 ||     8
       Potion            |       |       |     2 |     1 ||     3
Armor: Leather armour    |    10 |       |       |       ||    10
       Scale mail        |     1 |    15 |    27 |       ||    43
       Ring mail         |       |       |    64 |    11 ||    75
Dodge: Dodged            |    21 |    22 |    84 |     7 ||   134
Block: Buckler           |     2 |    22 |   110 |    13 ||   147
       Reflection        |       |       |     7 |     2 ||     9
